 Dungeon Crawl Stone Soup version 0.32-a0-960-g3814254bd7 (webtiles) character file.

Game seed: 14107820509336054946

279988 Jannitor the Tortoise (level 21, -10/172 HPs)
             Began as a Formicid Chaos Knight on Apr 13, 2024.
             Was a Favourite Plaything of Xom.
             Killed from afar by a hellephant (57 damage)
             ... with a blast of flame
             ... led by Margery
             ... on level 3 of the Vaults on Apr 17, 2024.
             The game lasted 01:17:35 (36365 turns).

Jannitor the Tortoise (Formicid Chaos Knight)      Turns: 36365, Time: 01:17:36

Health: -10/172    AC: 27    Str: 24      XL:     21   Next: 33%
Magic:  39/39      EV: 18    Int: 12 (14) God:    Xom [...*..]
Gold:   2029       SH: 13    Dex: 10 (12) Spells: 37/48 levels left

rFire   . . .        t - +9 battleaxe (vamp)
rCold   + . .        i - +2 kite shield {rC+}
rNeg    + . .        f - +4 pearl dragon scales
rPois   .            (helmet unavailable)
rElec   .            G - scarf {shadows}
rCorr   .            p - +0 pair of gloves
SInv    +            v - +2 pair of boots
Will    ++++.        g - necklace of Bloodlust {Fury *Rage Will++ Int-3 Slay+6}
Stlth   ++           Q - +4 ring of slaying
HPRegen 0.48/turn    E - +5 ring of evasion
MPRegen 0.26/turn

%: no passive effects
@: lethally poisoned (-10 -> -13), studying Ranged Weapons
A: permanent stasis, dig shafts and tunnels, antennae 3, four strong arms,
deterioration 2, dopey 1, passive freeze, strong 1, no potion heal 1
}: 2/15 runes: barnacled, gossamer
a: Dig, Shaft Self, Renounce Religion


You were on level 3 of the Vaults.
You worshipped Xom.
You were a favourite toy of Xom.
You visited 6 branches of the dungeon, and saw 33 of its levels.
You visited 1 bazaar.
You also visited: Sewer and Ice Cave.

You collected 6894 gold pieces.
You spent 4865 gold pieces at shops.

Inventory:

Hand Weapons
 t - a +9 vampiric battleaxe (weapon)
 B - a +3 battleaxe of flaming
Armour
 f - +4 pearl dragon scales (worn)
 i - a +2 kite shield of cold resistance (worn)
 p - a +0 pair of gloves (worn)
 v - a +2 pair of boots (worn)
 G - a scarf of shadows (worn)
Jewellery
 d - the ring of Lyirucua {rN++ AC+4}
   (You found it on level 4 of the Shoals)

   [ring of protection]

   AC+4:      It affects your AC (+4).
   rN++:      It greatly protects you from negative energy.
 g - the necklace of Bloodlust (around neck) {Fury *Rage Will++ Int-3 Slay+6}
   (You bought it in a shop in a bazaar)

   [amulet of nothing]

   Fury:      It extends the wearer's berserk rage when killing foes.
   Int-3:     It affects your intelligence (-3).
   Slay+6:    It affects your accuracy & damage with ranged weapons and melee
   (+6).
   Will++:    It greatly increases your willpower.
   *Rage:     It berserks you when you make melee attacks (+50% chance).
 E - a +5 ring of evasion (right hand)
 Q - a +4 ring of slaying (left hand)
 S - the amulet "Puddis" {Acrobat Harm Fly rElec Will+}
   (You found it in an ice cave)

   [amulet of the acrobat]

   Acrobat:   It increases your evasion while moving and waiting.
   rElec:     It insulates you from electricity.
   Will+:     It increases your willpower.
   Fly:       It grants you flight.
   Harm:      It increases damage dealt and taken.
Wands
 b - a wand of iceblast (29)
 j - a wand of mindburst (4)
 k - a wand of flame (71)
 u - a wand of polymorph (18)
 I - a wand of paralysis (8)
 O - a wand of quicksilver (17)
 Y - a wand of digging (8)
Scrolls
 c - 4 scrolls of butterflies
 e - 6 scrolls of immolation
 n - 4 scrolls of fog
 o - 5 scrolls of vulnerability
 x - 4 scrolls of fear
 C - 6 scrolls of identify
 H - 2 scrolls of revelation
 K - a scroll of brand weapon
 L - a scroll of noise
 M - 3 scrolls of amnesia
 P - 3 scrolls of poison
 U - 2 scrolls of silence
 X - 2 scrolls of torment
 Z - a scroll of acquirement
Potions
 h - 3 potions of enlightenment
 m - 18 potions of curing
 q - 3 potions of resistance
 r - 3 potions of lignification
 s - 7 potions of mutation
 w - 3 potions of magic
 y - a potion of heal wounds
 A - 3 potions of cancellation
 D - 5 potions of ambrosia
 J - 3 potions of might
 N - 4 potions of brilliance {unknown}
 W - 3 potions of invisibility {unknown}
Miscellaneous
 a - a lightning rod (4/4)
 l - a sack of spiders
 R - a Gell's gravitambourine (1/2)
 V - a tin of tremorstones (2/2)


   Skills:
 + Level 16.4 Fighting
 * Level 17.8(17.9) Axes
 - Level 3.0(12.1) Polearms
 + Level 18.1 Armour
 - Level 15.4 Dodging
 - Level 8.9 Stealth
 + Level 13.3 Shields
 + Level 14.2 Spellcasting
 + Level 0.5 Translocations
 - Level 0.2 Air Magic
 - Level 4.5 Alchemy
 + Level 10.6 Evocations


You had 37 spell levels left.
You knew the following spells:

 Your Spells              Type           Power      Damage    Failure   Level
a - Mercury Vapours       Alch/Air       28%        N/A       14%         2
b - Fugue of the Fallen   Necr           8%         N/A       58%         3
c - Passage of Golubria   Tloc           9%         N/A       89%         4
d - Lesser Beckoning      Tloc           18%        N/A       30%         2

Your spell library contained the following spells:

 Spells                   Type           Power      Damage    Failure   Level
 Sting                    Conj/Alch      56%        1d6       10%         1
 Cigotuvi's Dreadful Rot  Necr/Alch/Air  24%        N/A       19%         2
 Magic Dart               Conj           32%        1d4       24%         1
 Momentum Strike          Conj/Tloc      18%        3d8       32%         2
 Call Imp                 Summ           16%        N/A       36%         2
 Mephitic Cloud           Conj/Alch/Air  12%        N/A       36%         3
 Olgreb's Toxic Radiance  Alch           19%        N/A       36%         4
 Frozen Ramparts          Ice            16%        1d3       58%         3
 Ozocubu's Armour         Ice            8%         N/A       58%         3
 Sigil of Binding         Hex            8%         N/A       58%         3
 Tukima's Dance           Hex            8%         N/A       58%         3
 Dispel Undead            Necr           8%         3d8       94%         4
 Martyr's Knell           Necr/Summ      8%         N/A       94%         4
 Yara's Violent Unravell  Hex/Alch       7%         3d5       95%         5
 Arcjolt                  Conj/Air       4%         1d14      99%         5
 Freezing Cloud           Conj/Ice/Air   4%         6-21      100%        5
 Metabolic Englaciation   Hex/Ice        4%         N/A       100%        5
 Death Channel            Necr           4%         N/A       100%        6
 Dispersal                Tloc           4%         N/A       100%        6
 Gell's Gavotte           Tloc           4%         2d(13-19) 100%        6
 Plasma Beam              Fire/Air       4%         2x1d14    100%        6
 Sculpt Simulacrum        Ice/Alch       7%         N/A       100%        6
 Manifold Assault         Tloc           4%         N/A       100%        7
 Ozocubu's Refrigeration  Ice            4%         4d8       100%        7
 Disjunction              Tloc           4%         N/A       100%        8
 Polar Vortex             Ice            4%         N/A       100%        9
 Blink                    Tloc           Unusable   N/A       N/A         2
 Vhi's Electric Charge    Tloc/Air       Unusable   N/A       N/A         4

Dungeon Overview and Level Annotations

Branches:
Dungeon (15/15)            Temple (0/1) D:5            Lair (5/5) D:10
 Shoals (4/4) Lair:2       Spider (4/4) Lair:3        Slime (0/5) Lair:4
    Orc (2/2) D:9             Elf (0/3) Orc:2        Vaults (3/5) D:14
  Crypt (0/3) Vaults:2     Depths (0/4) D:15          Sewer (visited)
  IceCv (visited)

Altars:
Cheibriados
Dithmenos
Elyvilon
Fedhas
Gozag
Hepliaklqana
Kikubaaqudgha
Makhleb
Nemelex Xobeh
Okawaru
Qazlal
Ru
Trog
Uskayaw
Wu Jian
Xom
Yredelemnul
The Shining One
Jiyva

Shops:
D:10 =   D:14 [::   D:15 (   Orc:2 ((!(!   Vaults:3 =

Portals:
Abyss: Lair:2
Trove: D:15 (show abyssal rune of Zot)

Annotations:
D:3 Grinder
D:10 3 runed translucent doors, jSlice's ghost, journeyman CoHu
Lair:2 4 transporters, Olga's ghost, journeyman CoGl
Shoals:2 Roxanne
Orc:2 1 runed translucent door, LydaLydish's ghost, journeyman DsBe


Innate Abilities, Weirdness & Mutations

You cannot be hasted, slowed, berserked, paralysed or teleported.
You can dig through walls and to a lower floor.
You have a pair of large antennae on your head. (SInv)
Your four strong arms can wield two-handed weapons with a shield.
Your body often deteriorates upon taking damage.
You are dopey. (Int -2)
A frigid envelope surrounds you and freezes all who hurt you.
Your muscles are strong. (Str +4, Int/Dex -1)
Potions are less effective at restoring your health.


Message History

Unknown command.
The tengu reaver blocks your attack.
The tengu reaver is lightly wounded.
You slice the hell knight!!
You feel very sick.
The tengu reaver points at you and mumbles some strange words.
The bolt of cold hits you! You resist. The hell knight barely misses you.
Unknown command.
The tengu reaver blocks your attack.
The tengu reaver is lightly wounded.
You slash the hell knight!
You feel better.
You feel very sick.
Unknown command.
You slice the tengu reaver!!
You feel better.
The tengu reaver is moderately wounded.
You slash the hell knight!
You feel better.
You kill the hell knight!
You feel sick. "Hum-dee-hum-dee-hum..."
The tengu reaver seems to speed up.
The tengu reaver completely misses you. The tengu reaver pecks you.
The tengu reaver is very cold.
The tengu reaver is heavily wounded.
You block the tengu reaver's attack.
The tengu reaver gestures at you while chanting.
The bolt of lightning hits you.
You hear a shout!
The tengu reaver blocks your attack.
The tengu reaver is heavily wounded.
You slash the hellephant!
You feel sick. The hellephant tramples you!!
* * * LOW HITPOINT WARNING * * *
Your body deteriorates!
You feel clumsy.
You stumble backwards!
Unknown command.
You slice the hellephant!!
The hellephant is moderately wounded.
You feel sick. The hellephant breathes flames at you.
The blast of flame hits you!!!
You die...
Xom chuckles heartily!

#.....#........
#.....#########
#.....# #.....# ### #
#.....# .... ..
#.....# .... ...
####.....#..... ....
#..#.....#.....
.....##@.')....'...>.
......YQ##.....#.....
....#)..##....)#.....
.. #...##.....# ###'
#..####....... #..
#........ ###
#........ #.......


You could see a hellephant (catching breath) and a tengu reaver (fast, repels
missiles).

Vanquished Creatures
  Mennas (Vaults:3)
  Sojobo (Vaults:3)
  Margery (Vaults:3)
  Nikola (Shoals:4)
  2 sphinxes (Shoals:4)
  A kraken (Shoals:2)
  An ancient champion (Vaults:2)
  Polyphemus (Shoals:2)
  Agnes (Spider:4)
  Gastronok (Lair:3)
  Donald (Vaults:3)
  An azure jelly (Vaults:2)
  5 emperor scorpions
  4 vault wardens
  A fire giant (D:15)
  Louise (Shoals:3)
  4 ghost moths
  6 ironbound preservers
  4 very ugly things (Vaults:3)
  A formless jellyfish (Vaults:2)
  2 broodmothers (Spider:4)
  4 orc warlords
  6 ironbound thunderhulks
  A war gargoyle (Vaults:2)
  4 dire elephants (Vaults:2)
  2 minotaurs (Shoals:4)
  4 spark wasps
  An ettin (Vaults:2)
  2 merfolk javelineers
  4 yaktaur captains
  2 crystal guardians (Vaults:2)
  2 jiangshi (Vaults:2)
  3 entropy weavers
  6 merfolk impalers
  A great orb of eyes (Vaults:2)
  An ogre mage (D:15)
  An ice dragon (IceCv)
  A peacekeeper (Vaults:2)
  9 vault guards
  An alligator snapping turtle (Shoals:1)
  2 merfolk avatars (Shoals:2)
  6 hydras
  10 centaur warriors
  2 catoblepae
  4 merfolk aquamancers
  5 ironbound frosthearts
  5 boulder beetles
  Erica (Orc:1)
  2 hell hogs (Lair:5)
  A radroach (Spider:1)
  3 tengu warriors (D:14)
  7 two-headed ogres
  9 satyrs
  3 death yaks (Shoals:2)
  An occultist (D:15)
  Urug (Orc:2)
  14 demonic crawlers
  4 orc high priests
  Sonja (Lair:3)
  2 hell knights (Vaults:3)
  6 pharaoh ants
  3 skysharks
  Lodul (D:14)
  9 orb spiders
  8 deep trolls
  8 arcanists
  8 sea snakes
  A glowing orange brain (Vaults:2)
  2 sun moths (Spider:4)
  An obsidian bat (Orc:2)
  3 steelbarb worms
  A harpy (shapeshifter) (D:14)
  A necromancer (Vaults:1)
  21 orc knights
  8 ironbound convokers
  27 harpies
  5 lindwurms
  4 cyclopes
  2 deep elf pyromancers
  A deep elf zephyrmancer (Orc:2)
  26 ugly things
  19 wolf spiders
  An orc sorcerer (Orc:2)
  3 moths of wrath
  12 fauns
  A frost giant zombie (Vaults:1)
  21 manticores
  A black mamba (shapeshifter) (Lair:5)
  3 kobold blastminers
  11 black mambas
  2 merfolk sirens
  31 slime creatures
  2 molten gargoyles (Lair:5)
  5 water nymphs
  A gargoyle (D:7)
  2 ice statues (IceCv)
  19 elephants
  5 torpor snails
  2 unseen horrors
  Jeremiah (D:7)
  13 cane toads
  8 vault sentinels
  9 rime drakes
  8 yaktaurs
  A kobold demonologist (D:10)
  13 komodo dragons
  A freezing wraith (Vaults:2)
  A red devil (Lair:5)
  A tengu conjurer (D:14)
  A yaktaur skeleton (Vaults:1)
  4 trolls
  29 merfolk
  23 tarantellas
  7 wind drakes
  A raiju (Spider:1)
  28 jumping spiders
  9 blink frogs
  2 polar bears (Lair:5)
  7 snapping turtles
  Sigmund (D:4)
  19 culicivoras
  A shadow (D:13)
  4 wyverns
  A vampire (D:11)
  28 yaks
  12 water elementals
  Eustachio (D:5)
  4 basilisks
  3 wraiths
  A warg (Orc:1)
  36 redbacks
  8 steam dragons
  6 vampire mosquitoes
  An acid dragon (D:11)
  11 water moccasins
  4 hell hounds (Lair:5)
  Duvessa (D:5)
  35 orc warriors
  A black bear (D:7)
  2 ice beasts (D:6)
  5 boggarts
  A sky beast (D:8)
  A tengu (Spider:2)
  9 ogres
  10 centaurs
  5 phantoms (D:5)
  30 wolves
  5 kobold brigands
  Blork the orc (D:5)
  11 bullfrogs
  A human simulacrum (Vaults:1)
  A gnoll sergeant (D:8)
  2 cane toad simulacra (Lair:3)
  4 scorpions
  A water moccasin zombie (D:5)
  A water moccasin skeleton (D:5)
  2 wights (D:7)
  Dowan (D:5)
  2 lindwurm simulacra (IceCv)
  2 electric eels
  A howler monkey (D:7)
  A crimson imp (Orc:2)
  5 lava snakes (Lair:5)
  3 hounds
  6 komodo dragon simulacra (IceCv)
  2 human zombies
  A centaur skeleton (D:5)
  26 orc priests
  3 jellies
  2 sleepcaps
  An iron imp (Orc:2)
  2 bullfrog skeletons (D:5)
  Ijyb (D:4)
  Terence (D:3)
  2 iguanas
  21 orc wizards
  A scorpion zombie (D:5)
  A polar bear simulacrum (Lair:3)
  2 wolf simulacra (Lair:3)
  13 gnolls
  6 adders
  A river rat (D:6)
  6 acid dragon simulacra (IceCv)
  3 shadow imps
  2 white imps
  7 steam dragon simulacra (IceCv)
  2 adder zombies (D:5)
  3 ribbon worms
  5 dart slugs
  95 orcs
  6 bats
  9 endoplasms
  8 giant cockroaches
  12 goblins
  2 hobgoblins
  4 jackals (D:3)
  28 kobolds
  A quokka (D:2)
  10 ball pythons
  7 frilled lizards
  8 rats
  3 tentacles (Shoals:2)
1231 creatures vanquished.

Vanquished Creatures (collateral kills)
  An emperor scorpion (Spider:4)
  An ironbound thunderhulk (Vaults:2)
  A hydra (Lair:3)
  A yaktaur captain (Vaults:2)
  An orc high priest (Orc:1)
  2 demonic crawlers (Spider:4)
  A skeletal warrior (D:14)
  2 harpies (Shoals:4)
  An orb spider (Spider:4)
  A deep elf pyromancer (D:14)
  A faun (Shoals:4)
  An elephant (Lair:2)
  A troll (Orc:2)
  2 orc warriors (Orc:2)
  2 orc wizards (Orc:2)
  4 orcs (Orc:2)
  A hobgoblin (D:1)
  A kobold (D:1)
25 creatures vanquished.

Vanquished Creatures (others)
  A satyr (Shoals:4)
  A merfolk aquamancer (Shoals:3)
  2 harpies (Shoals:4)
  An orc knight (Vaults:2)
  2 water nymphs (Shoals:4)
  A queen bee (Vaults:2)
  3 merfolk (Shoals:4)
  A slime creature (Vaults:2)
  A snapping turtle (Shoals:4)
  2 water elementals (Shoals:2)
  An orc wizard (D:6)
  5 tentacles (Shoals:2)
21 creatures vanquished.

Grand Total: 1277 creatures vanquished

Notes
Turn   | Place    | Note
-------+----------+-------------------------------------------
     0 | D:1      | Jannitor the Formicid Chaos Knight began the quest for the
                  | Orb.
     0 | D:1      | Reached XP level 1. HP: 18/18 MP: 1/1
    32 | D:1      | Reached skill level 1 in Dodging
   141 | D:1      | Reached XP level 2. HP: 24/24 MP: 2/2
   156 | D:1      | XOM: divination: magic mapping
   208 | D:1      | XOM: cast spell 'Summon Ice Beast'
   251 | D:1      | Reached skill level 1 in Shields
   302 | D:1      | Reached XP level 3. HP: 29/29 MP: 3/3
   382 | D:1      | XOM: silly message
   397 | D:1      | Found a faded altar of an unknown god.
   425 | D:1      | XOM: noise
   534 | D:2      | Reached skill level 1 in Stealth
   694 | D:2      | XOM: silly message
   760 | D:2      | Reached skill level 1 in Axes
   760 | D:2      | Reached XP level 4. HP: 31/36 MP: 4/4
  1032 | D:2      | Found a sacrificial altar of Ru.
  1243 | D:3      | Noticed Grinder
  1400 | D:3      | XOM: stat loss: -1 Dex (12/13)
  1431 | D:3      | Found a snail-covered altar of Cheibriados.
  1441 | D:3      | Found a stormy altar of Qazlal.
  1498 | D:3      | Reached skill level 3 in Armour
  1524 | D:4      | Reached XP level 5. HP: 42/42 MP: 5/5
  1534 | D:4      | Noticed Sigmund
  1536 | D:4      | XOM: swap monsters
  1537 | D:4      | Upgraded the game from 0.32-a0-931-g5a2cda0630 to
                  | 0.32-a0-932-g546787307d
  1540 | D:4      | Killed Sigmund
  1541 | D:4      | Reached XP level 6. HP: 31/48 MP: 6/6
  1674 | D:4      | XOM: confusion
  1689 | D:4      | XOM: noise
  1870 | D:3      | Noticed Terence
  1896 | D:3      | Killed Terence
  1897 | D:3      | Reached XP level 7. HP: 49/55 MP: 7/7
  2077 | D:4      | You are sucked into a shaft and drop 1 floor!
  2077 | D:5      | Entered Level 5 of the Dungeon
  2083 | D:5      | XOM: summons 3 hostile shadow creatures
  2084 | D:5      | Noticed a shadow
  2086 | D:5      | You are sucked into a shaft and drop 1 floor!
  2245 | D:6      | Found a glowing drain.
  2272 | Sewer    | Entered a sewer
  2448 | Sewer    | Reached skill level 4 in Armour
  2662 | D:5      | XOM: stat loss: -1 Str (16/17)
  2699 | D:5      | Found a staircase to the Ecumenical Temple.
  2775 | D:4      | XOM: noise
  2938 | D:4      | Found an ornate altar of the Wu Jian Council.
  2974 | D:4      | Found a shadowy altar of Dithmenos.
  3074 | D:4      | XOM: noise
  3140 | D:4      | Found a basalt altar of Yredelemnul.
  3163 | D:4      | Noticed Ijyb
  3171 | D:4      | Killed Ijyb
  3172 | D:4      | Reached XP level 8. HP: 47/61 MP: 8/8
  3336 | D:5      | Reached skill level 5 in Fighting
  3346 | D:5      | Noticed Duvessa
  3347 | D:5      | Noticed Dowan
  3351 | D:5      | XOM: silly message
  3363 | D:5      | Killed Duvessa
  3364 | D:5      | Killed Dowan
  3453 | D:5      | XOM: summons 5 hostile demons
  3615 | D:5      | Noticed Blork the orc
  3630 | D:5      | XOM: smoke on damage
  3635 | D:5      | Killed Blork the orc
  3686 | D:5      | XOM: torment (33/63 hp)
  3979 | D:5      | Noticed Eustachio
  3980 | D:5      | XOM is BORED!
  3980 | D:5      | XOM: confusion
  3992 | D:5      | XOM: silly message
  3994 | D:5      | XOM: give mutations
  3994 | D:5      | Gained mutation: Your health recovers twice as slowly from
                  | being drained. [Xom's mischief]
  3994 | D:5      | Gained mutation: Your spells are a little easier to cast,
                  | but a little less powerful. [Xom's mischief]
  3994 | D:5      | Gained mutation: You are frail. (-10% HP) [Xom's mischief]
  3994 | D:5      | Gained mutation: Your spells are easier to cast, but less
                  | powerful. [Xom's mischief]
  3995 | D:5      | Killed Eustachio
  3996 | D:5      | Reached skill level 5 in Armour
  3996 | D:5      | Reached skill level 5 in Shields
  4147 | D:5      | Reached skill level 5 in Stealth
  4147 | D:5      | Reached XP level 9. HP: 62/62 MP: 9/9
  4252 | D:5      | Found an ancient bone altar of Kikubaaqudgha.
  4326 | D:6      | XOM: confusion (+ monsters)
  4418 | D:6      | Learned a level 2 spell: Mercury Vapours
  4519 | D:6      | Learned a level 3 spell: Fugue of the Fallen
  4599 | D:6      | XOM: enchant monster (good)
  4728 | D:6      | XOM: potion effect (invisibility)
  4732 | D:6      | XOM: silly message
  4734 | D:6      | Reached skill level 1 in Alchemy
  4819 | D:6      | Found a blossoming altar of Fedhas.
  4833 | D:6      | Found a hide-covered altar of Uskayaw.
  4835 | D:6      | Found an iron altar of Okawaru.
  5256 | D:7      | Found an opulent altar of Gozag.
  5300 | D:7      | XOM: cloud trail
  5392 | D:7      | XOM: god gift: Great Wizards, Vol. VII
  5417 | D:7      | Learned a level 4 spell: Passage of Golubria
  5491 | D:7      | XOM: god gift: wand of quicksilver (5)
  5534 | D:7      | Reached skill level 1 in Spellcasting
  5689 | D:7      | Noticed a gargoyle
  5691 | D:7      | XOM: destruction
  5694 | D:7      | Lost mutation: You are frail. (-10% HP) [potion of
                  | mutation]
  5694 | D:7      | Lost mutation: Your spells are easier to cast, but less
                  | powerful. [potion of mutation]
  5694 | D:7      | Lost mutation: Your spells are a little easier to cast, but
                  | a little less powerful. [potion of mutation]
  5694 | D:7      | Lost mutation: Your health recovers twice as slowly from
                  | being drained. [potion of mutation]
  5694 | D:7      | Gained mutation: You expend magic power (3 MP) to
                  | strengthen your wands. [potion of mutation]
  5697 | D:7      | You fall into a shaft and drop 1 floor!
  5830 | D:7      | XOM: cast spell 'Metabolic Englaciation'
  5839 | D:7      | Reached skill level 6 in Armour
  5870 | D:7      | XOM: potion effect (might)
  5882 | D:7      | XOM: cloud trail
  5945 | D:7      | Reached skill level 5 in Axes
  5945 | D:7      | Reached XP level 10. HP: 58/77 MP: 8/12
  5952 | D:7      | Killed a gargoyle
  5953 | D:7      | Reached skill level 5 in Dodging
  5989 | D:7      | XOM: god gift: scroll of poison
  6115 | D:7      | Noticed Jeremiah
  6220 | D:7      | Killed Jeremiah
  6390 | D:7      | XOM: summons 4 hostile demons
  6536 | D:7      | XOM: give mutations
  6536 | D:7      | Gained mutation: You are partially covered in iridescent
                  | scales. (AC +2) [Xom's grace]
  6536 | D:7      | Gained mutation: A frigid envelope surrounds you and
                  | freezes all who hurt you. [Xom's grace]
  6536 | D:7      | Gained mutation: You are robust. (+10% HP) [Xom's grace]
  6536 | D:7      | Gained mutation: You are resistant to electric shocks.
                  | (rElec) [Xom's grace]
  6790 | D:7      | XOM: summons 3 friendly demons
  7123 | D:8      | Found a hazy altar of Hepliaklqana.
  7160 | D:8      | Identified the +1 dagger of Understanding {protect, rPois
                  | rF+ rCorr Str-4}
  7175 | D:8      | XOM: cleaving
  7667 | D:8      | XOM: scenery: summon butterflies
  7729 | D:9      | XOM: cleaving
  7788 | D:9      | Found a sparkling altar of Nemelex Xobeh.
  7814 | D:9      | XOM: give mutations
  7814 | D:9      | Gained mutation: Your muscles are strong. (Str +4, Int/Dex
                  | -1) [Xom's grace]
  7814 | D:9      | Gained mutation: You are covered in fur. (AC +1) [Xom's
                  | grace]
  7968 | D:9      | Found a staircase to the Orcish Mines.
  8043 | D:9      | XOM: give mutations
  8043 | D:9      | Gained mutation: You are very robust. (+20% HP) [Xom's
                  | grace]
  8043 | D:9      | Gained mutation: You have an increased reservoir of magic.
                  | (+10% MP) [Xom's grace]
  8043 | D:9      | Gained mutation: Your movements are slightly less
                  | encumbered by armour. (ER -2) [Xom's grace]
  8133 | D:9      | Found a white marble altar of Elyvilon.
  8173 | D:9      | Found a burning altar of Makhleb.
  8203 | D:9      | Reached XP level 11. HP: 99/100 MP: 15/17
  8248 | D:9      | XOM: god gift: amulet of regeneration
  8454 | D:10     | Entered Level 10 of the Dungeon
  8461 | D:10     | Found a glowing golden altar of the Shining One.
  8542 | D:10     | Found a staircase to the Lair.
  8635 | D:10     | Found Wipnemu's Jewellery Emporium.
  8645 | D:10     | Noticed a two-headed ogre
  8655 | D:10     | Killed a two-headed ogre
  8656 | D:10     | Reached skill level 1 in Evocations
  8724 | D:10     | XOM: noise
  8730 | D:10     | XOM: torment (52/102 hp)
  8802 | D:10     | XOM: cloud trail
  8812 | D:10     | Found a bloodstained altar of Trog.
  8841 | D:10     | Found a runed translucent gate.
  8842 | D:10     | Found a runed translucent gate.
  8842 | D:10     | Found a runed translucent gate.
  8844 | D:10     | Noticed jSlice's ghost (journeyman CoHu)
  8845 | D:10     | Noticed a glowing orange brain
  8848 | D:10     | Found a viscous altar of Jiyva.
  9051 | D:10     | Reached skill level 7 in Armour
  9158 | D:10     | Noticed a sixfirhy
  9198 | D:10     | XOM: silly message
  9239 | D:10     | XOM: silly message
  9372 | D:10     | XOM: give mutation
  9372 | D:10     | Gained mutation: Your muscles are very strong. (Str +8,
                  | Int/Dex -2) [Xom's mischief]
  9414 | Lair:1   | Entered Level 1 of the Lair of Beasts
  9508 | Lair:1   | XOM: confusion (+ monsters)
  9651 | Lair:1   | a cane toad changed into a harpy
  9651 | Lair:1   | Noticed a harpy
  9651 | Lair:1   | XOM: polymorph cane toad -> harpy
  9652 | Lair:1   | XOM: confuse monster(s)
  9657 | Lair:1   | Killed a harpy
  9714 | Lair:1   | XOM: polymorph blink frog -> jelly
  9715 | Lair:1   | XOM: fog
  9727 | Lair:1   | XOM: summons friendly quasit
  9740 | Lair:1   | Reached skill level 8 in Armour
  9741 | Lair:1   | XOM: cast spell 'Summon Cactus Giant'
  9980 | Lair:1   | Reached XP level 12. HP: 109/112 MP: 18/18
 10137 | Lair:1   | XOM: noise
 10433 | Lair:2   | Found a transporter.
 10454 | Lair:2   | Found a transporter.
 10583 | Lair:2   | Found a transporter.
 10595 | Lair:2   | Found a one-way gate to the infinite horrors of the Abyss.
 10595 | Lair:2   | Noticed Olga's ghost (journeyman CoGl)
 10604 | Lair:2   | Found a transporter.
 10606 | Lair:2   | Noticed a hell hog
 10626 | Lair:2   | Noticed a spriggan rider
 10645 | Lair:2   | Reached skill level 9 in Armour
 10648 | Lair:2   | XOM: cast spell 'Summon Mana Viper'
 10933 | Lair:2   | XOM: cast spell 'Fugue of the Fallen'
 10947 | Lair:2   | Noticed a skyshark
 10948 | Lair:2   | XOM: enchant monster (bad)
 10951 | Lair:2   | XOM: potion effect (invisibility)
 10961 | Lair:2   | Killed a skyshark
 10969 | Lair:2   | Found a hazy altar of Hepliaklqana.
 11230 | Lair:2   | Found a staircase to the Shoals.
 11412 | Lair:3   | Noticed Sonja
 11417 | Lair:3   | XOM: potion effect (might)
 11418 | Lair:3   | Killed Sonja
 11422 | Lair:3   | Reached skill level 10 in Armour
 11422 | Lair:3   | Reached skill level 5 in Evocations
 11423 | Lair:3   | Noticed a five-headed hydra
 11425 | Lair:3   | Reached XP level 13. HP: 102/121 MP: 17/19
 11427 | Lair:3   | Reached skill level 10 in Shields
 11427 | Lair:3   | XOM: summons 2 friendly demons
 11428 | Lair:3   | Noticed a five-headed hydra
 11430 | Lair:3   | XOM: enchant monster (good)
 11432 | Lair:3   | Killed a two-headed hydra
 11438 | Lair:3   | Killed a two-headed hydra
 11454 | Lair:3   | Found a frozen archway.
 11473 | Lair:3   | XOM: confuse monster(s)
 11483 | IceCv    | Entered an ice cave
 11671 | IceCv    | XOM: potion effect (might)
 11672 | IceCv    | XOM: noise
 12036 | IceCv    | Noticed an ice dragon
 12044 | IceCv    | XOM: potion effect (attraction)
 12050 | IceCv    | Killed an ice dragon
 12098 | IceCv    | Identified the amulet "Puddis" {Acrobat Harm Fly rElec
                  | Will+}
 12317 | Lair:3   | Reached skill level 11 in Armour
 12364 | Lair:3   | Reached skill level 10 in Fighting
 12394 | Lair:3   | Noticed Gastronok
 12399 | Lair:3   | XOM: enchant monster (bad)
 12400 | Lair:3   | XOM: noise
 12406 | Lair:3   | XOM: confuse monster(s)
 12416 | Lair:3   | XOM: give mutations
 12416 | Lair:3   | Lost mutation: You are resistant to electric shocks.
                  | (rElec) [Xom's mischief]
 12416 | Lair:3   | Lost mutation: You have an increased reservoir of magic.
                  | (+10% MP) [Xom's mischief]
 12416 | Lair:3   | Lost mutation: You are partially covered in iridescent
                  | scales. (AC +2) [Xom's mischief]
 12644 | Lair:3   | XOM: silly message
 12659 | Lair:3   | XOM: summons friendly quasit
 12665 | Lair:3   | XOM: polymorph quasit -> rust devil
 12668 | Lair:3   | Killed Gastronok
 12674 | Lair:3   | Found a hole to the Spider Nest.
 13106 | Lair:4   | XOM: polymorph water moccasin -> bat
 13108 | Lair:4   | XOM: confuse monster(s)
 13152 | Lair:4   | XOM: give mutations
 13152 | Lair:4   | Gained mutation: Your natural rate of healing is unusually
                  | fast. [Xom's grace]
 13152 | Lair:4   | Gained mutation: You passively dampen the noise of your
                  | surroundings. [Xom's grace]
 13173 | Lair:4   | XOM: potion effect (might)
 13176 | Lair:4   | XOM: enchant monster (good)
 13202 | Lair:4   | Noticed a seven-headed hydra
 13218 | Lair:4   | Killed a two-headed hydra
 13219 | Lair:4   | Reached XP level 14. HP: 117/133 MP: 18/18
 13496 | Lair:4   | Found a staircase to the Slime Pits.
 13497 | Lair:4   | Found a viscous altar of Jiyva.
 13559 | Lair:4   | XOM: draining
 13812 | Lair:4   | XOM: give mutations
 13812 | Lair:4   | Lost mutation: Your movements are slightly less encumbered
                  | by armour. (ER -2) [Xom's mischief]
 13812 | Lair:4   | Lost mutation: You are covered in fur. (AC +1) [Xom's
                  | mischief]
 13812 | Lair:4   | Gained mutation: Potions are less effective at restoring
                  | your health. [Xom's mischief]
 13812 | Lair:4   | Lost mutation: Potions are less effective at restoring your
                  | health. [Xom's mischief]
 13887 | Lair:4   | Reached skill level 12 in Armour
 14026 | Lair:5   | Entered Level 5 of the Lair of Beasts
 14116 | Lair:5   | XOM: silly message
 14334 | Lair:5   | XOM: polymorph hell hound -> red devil
 14338 | Lair:5   | XOM: confusion
 14462 | Lair:5   | XOM: polymorph komodo dragon -> shapeshifter
 14521 | Lair:5   | XOM: stat loss: -1 Str (26/27)
 14747 | Lair:5   | Found a large runed translucent door.
 14747 | Lair:5   | Found a large runed translucent door.
 14748 | Lair:5   | XOM: swap monsters
 14800 | Lair:5   | XOM: silly message
 14898 | Lair:5   | XOM: cloud trail
 15062 | Lair:5   | XOM: fog
 15339 | Lair:5   | XOM: cleaving
 15597 | Lair:5   | Reached skill level 13 in Armour
 16038 | Lair:5   | XOM: scenery: summon butterflies
 16141 | Lair:5   | XOM: scenery: create altars
 16142 | Lair:5   | XOM: cleaving
 16366 | Lair:5   | XOM: give mutations
 16366 | Lair:5   | Gained mutation: Your spells are a little harder to cast,
                  | but a little more powerful. [Xom's grace]
 16366 | Lair:5   | Gained mutation: You have sharp fingernails. [Xom's grace]
 16443 | Lair:5   | XOM: divination: detect items
 16575 | Orc:1    | Entered Level 1 of the Orcish Mines
 16603 | Orc:1    | Noticed Erica
 16617 | Orc:1    | Killed Erica
 16622 | Orc:1    | Reached XP level 15. HP: 92/142 MP: 19/19
 16908 | Orc:2    | Entered Level 2 of the Orcish Mines
 16908 | Orc:2    | XOM: summons friendly white imp
 16933 | Orc:2    | XOM: smoke on damage
 16958 | Orc:2    | Found a staircase to the Elven Halls.
 17121 | Orc:2    | Noticed Urug
 17138 | Orc:2    | Killed Urug
 17154 | Orc:2    | XOM: god gift: scroll of teleportation
 17156 | Orc:2    | Found a runed translucent door.
 17157 | Orc:2    | Noticed LydaLydish's ghost (journeyman DsBe)
 17174 | Orc:2    | XOM: summons friendly chaos spawn
 17185 | Orc:2    | Reached skill level 10 in Axes
 17254 | Orc:2    | XOM: stat loss: -1 Str (26/27)
 17350 | Orc:2    | XOM: summons 3 hostile demons
 17415 | Orc:2    | XOM: destruction
 17430 | Orc:2    | Identified the -1 hat of Optuor {rN+ Dex+3}
 17582 | Orc:2    | XOM: potion effect (curing)
 17665 | Orc:1    | XOM: god gift: long lead wand {god gift}
 17767 | Orc:1    | XOM: silly message
 17771 | Orc:2    | XOM: enchant monster (good)
 17897 | Orc:2    | XOM: summons friendly ufetubus
 17899 | Orc:2    | XOM: cast spell 'Alistair's Intoxication'
 17902 | Orc:2    | XOM: noise
 17904 | Orc:2    | XOM: cast spell 'Dispersal'
 17933 | Orc:2    | XOM: cast spell 'Cause Fear'
 17955 | Orc:1    | XOM: summons friendly crimson imp
 17955 | Orc:1    | XOM: smoke on damage
 18115 | Orc:2    | XOM: divination: detect items
 18253 | Orc:2    | XOM: enchant monster (bad)
 18256 | Orc:1    | XOM: summons friendly shadow imp
 18258 | Orc:1    | XOM: enchant monster (bad)
 18329 | Orc:2    | XOM: chaos upgrade
 18338 | Orc:2    | XOM: potion effect (heal wounds)
 18358 | Orc:2    | XOM: divination: detect creatures
 18473 | Orc:2    | XOM: silly message
 18480 | Orc:2    | Reached skill level 14 in Armour
 18501 | Orc:2    | XOM: silly message
 18588 | Orc:2    | Found Zeagist's Distillery.
 18592 | Orc:2    | Bought a potion of lignification for 45 gold pieces
 18592 | Orc:2    | Bought a potion of heal wounds for 75 gold pieces
 18592 | Orc:2    | Bought a potion of mutation for 120 gold pieces
 18592 | Orc:2    | Bought 2 potions of resistance for 300 gold pieces
 18592 | Orc:2    | Bought a potion of lignification for 45 gold pieces
 18632 | Orc:2    | Lost mutation: Your spells are a little harder to cast, but
                  | a little more powerful. [a neqoxec]
 18635 | Orc:2    | XOM: divination: detect items
 18647 | Orc:2    | XOM: noise
 18652 | Orc:2    | XOM: noise
 18696 | Orc:2    | Found Yveone's Distillery.
 18699 | Orc:2    | Found Rocouptoo's Antique Weapon Boutique.
 18699 | Orc:2    | Found Tasips's Antique Weapon Shop.
 18700 | Orc:2    | Found Piadgh's Weapon Shop.
 18710 | Orc:2    | Bought a potion of might for 48 gold pieces
 18710 | Orc:2    | Bought a potion of cancellation for 96 gold pieces
 18957 | Orc:1    | XOM: god gift: 1033 gold pieces
 19541 | D:11     | XOM: god gift: war axe {god gift}
 19554 | D:11     | XOM: silly message
 19624 | D:12     | XOM: cast spell 'Summon Cactus Giant'
 19752 | D:12     | XOM: god gift: 3 scrolls of teleportation
 19792 | D:12     | XOM: confuse monster(s)
 19821 | D:12     | XOM: smoke on damage
 19823 | D:12     | XOM: confuse monster(s)
 19825 | D:12     | You fall into a shaft and drop 3 floors!
 19825 | D:15     | Entered Level 15 of the Dungeon
 19883 | D:15     | XOM: noise
 19909 | D:14     | Found Vopagaunk's Self-Improvement Boutique.
 19920 | D:14     | XOM: confuse monster(s)
 19965 | D:14     | XOM: enchant monster (good)
 19976 | D:14     | Found Hauc's Book Shoppe.
 20019 | D:14     | XOM: enchant monster (bad)
 20082 | D:14     | Noticed Lodul
 20089 | D:14     | Killed Lodul
 20152 | D:14     | Reached XP level 16. HP: 142/152 MP: 20/20
 20210 | D:14     | Found Hadad's Dragon-Slaying Spoils.
 20217 | D:14     | Bought +0 pearl dragon scales for 1800 gold pieces
 20270 | D:14     | Found a gate to the Vaults.
 20291 | D:14     | XOM: god gift: wand of polymorph (7)
 20433 | D:14     | Reached skill level 10 in Dodging
 20542 | D:14     | XOM: god gift: scroll of fear
 21052 | D:12     | XOM: give mutations
 21052 | D:12     | Gained mutation: You possess an exceptional clarity of
                  | mind. [Xom's grace]
 21052 | D:12     | Gained mutation: You have very sharp teeth. [Xom's grace]
 21052 | D:12     | Gained mutation: You are agile. (Dex +4, Str/Int -1) [Xom's
                  | grace]
 21270 | D:13     | XOM: fog
 21375 | D:13     | Identified 2 scrolls of acquirement
 21381 | D:13     | Acquired 1190 gold pieces
 21410 | D:14     | Bought a manual of Spellcasting for 1200 gold pieces
 21506 | D:14     | XOM: scenery: summon butterflies
 21536 | D:14     | XOM: god gift: 14 gold pieces
 21945 | D:15     | Found a staircase to the Depths.
 21945 | D:15     | Noticed a fire giant
 21970 | D:15     | XOM: god gift: dragon-blood talisman
 22210 | D:15     | Killed a fire giant
 22229 | D:15     | XOM: god gift: 48 gold pieces
 22231 | D:15     | XOM: noise
 22235 | D:15     | XOM: noise
 22296 | D:15     | Found a portal to a secret trove of treasure.
 22365 | D:15     | XOM: summons friendly crimson imp
 22370 | D:15     | XOM: summons friendly crimson imp
 22389 | D:15     | Reached skill level 15 in Armour
 22409 | D:15     | Reached skill level 5 in Spellcasting
 22481 | D:15     | Found Ufri's Weapon Shop.
 22808 | D:15     | XOM is BORED!
 23036 | Spider:1 | Entered Level 1 of the Spider Nest
 23122 | Spider:1 | Upgraded the game from 0.32-a0-932-g546787307d to
                  | 0.32-a0-938-g40ac7a0f4d
 23216 | Spider:1 | XOM: confuse monster(s)
 23268 | Spider:1 | Acquired 517 gold pieces
 23270 | Spider:1 | Acquired a manual of Dodging
 23570 | Spider:1 | Noticed an emperor scorpion
 23578 | Spider:1 | Killed an emperor scorpion
 23595 | Spider:1 | XOM: fog
 23643 | Spider:1 | XOM: enchant monster (good)
 23647 | Spider:1 | Reached XP level 17. HP: 151/163 MP: 26/26
 23666 | Spider:1 | XOM: polymorph steelbarb worm -> raiju
 24068 | Spider:2 | XOM: divination: detect creatures
 24117 | Spider:2 | XOM: fog
 24120 | Spider:2 | XOM: god gift: 6 stones
 24236 | Spider:2 | XOM: polymorph wolf spider -> tengu
 24483 | Spider:3 | XOM: noise
 24957 | Spider:3 | XOM: summons friendly crimson imp
 25148 | Spider:4 | Entered Level 4 of the Spider Nest
 25212 | Spider:4 | XOM: cleaving
 25261 | Spider:4 | Noticed Agnes
 25265 | Spider:4 | Killed Agnes
 25484 | Spider:4 | XOM: summons 4 friendly demons
 25668 | Spider:4 | Reached skill level 16 in Armour
 25678 | Spider:4 | Reached XP level 18. HP: 172/175 MP: 31/31
 25682 | Spider:4 | XOM: cast spell 'Summon Horrible Things'
 25763 | Spider:4 | XOM: give mutation
 25763 | Spider:4 | Lost mutation: You expend magic power (3 MP) to strengthen
                  | your wands. [Xom's mischief]
 25800 | Spider:4 | XOM: stat loss: -1 Int (13/14)
 25882 | Spider:4 | XOM: smoke on damage
 25884 | Spider:4 | XOM: give mutations
 25884 | Spider:4 | Lost mutation: Your muscles are very strong. (Str +8,
                  | Int/Dex -2) [Xom's mischief]
 25884 | Spider:4 | Gained mutation: Armour fits poorly on your strangely
                  | shaped body. [Xom's mischief]
 25884 | Spider:4 | Lost mutation: Armour fits poorly on your strangely shaped
                  | body. [Xom's mischief]
 26204 | Spider:4 | Identified the +6 scale mail "Weimpua" {rC+ Regen+}
 26494 | Spider:4 | Got a gossamer rune of Zot
 26528 | Spider:4 | Reached skill level 10 in Spellcasting
 26669 | Spider:4 | XOM: give mutations
 26669 | Spider:4 | Lost mutation: You have sharp fingernails. [Xom's mischief]
 26669 | Spider:4 | Gained mutation: You are dopey. (Int -2) [Xom's mischief]
 26669 | Spider:4 | Lost mutation: You are agile. (Dex +4, Str/Int -1) [Xom's
                  | mischief]
 26800 | Lair:2   | XOM: give mutations
 26800 | Lair:2   | Lost mutation: You passively dampen the noise of your
                  | surroundings. [Xom's mischief]
 26800 | Lair:2   | Gained mutation: Potions are less effective at restoring
                  | your health. [Xom's mischief]
 26800 | Lair:2   | Lost mutation: Your natural rate of healing is unusually
                  | fast. [Xom's mischief]
 26836 | Shoals:1 | Entered Level 1 of the Shoals
 26839 | Shoals:1 | XOM: give mutation
 26839 | Shoals:1 | Lost mutation: You are very robust. (+20% HP) [Xom's
                  | mischief]
 27061 | Shoals:1 | XOM: divination: magic mapping
 27187 | Shoals:1 | XOM: silly message
 27197 | Shoals:1 | XOM: blink monster(s)
 27869 | Shoals:2 | XOM: swap monsters
 27875 | Shoals:2 | XOM: divination: detect items
 27884 | Shoals:2 | XOM: confuse monster(s)
 27885 | Shoals:2 | XOM: chaos upgrade
 27946 | Shoals:2 | XOM: god gift: 13 gold pieces
 27953 | Shoals:2 | XOM: noise
 27958 | Shoals:2 | XOM: cast spell 'Disjunction'
 27992 | Shoals:2 | Found a runed translucent door.
 28089 | Shoals:2 | Noticed Polyphemus
 28100 | Shoals:2 | XOM: destruction
 28109 | Shoals:2 | Killed Polyphemus
 28143 | Shoals:2 | XOM: enchant monster (good)
 28144 | Shoals:2 | XOM: fog
 28150 | Shoals:2 | Reached skill level 15 in Axes
 28325 | Shoals:2 | XOM: fog
 28359 | Shoals:2 | Identified the +6 trident of Doom {heavy, *Noise rC+ rN+
                  | SInv}
 28370 | Shoals:2 | Noticed Roxanne
 28371 | Shoals:2 | XOM: cast spell 'Disjunction'
 28376 | Shoals:2 | XOM: smoke on damage
 28380 | Shoals:2 | XOM: butterfly on damage
 28384 | Shoals:2 | XOM: cleaving
 28469 | Shoals:2 | XOM: god gift: wand of paralysis (3)
 28497 | Shoals:2 | XOM: cloud trail
 28799 | Shoals:2 | Noticed a kraken
 28822 | Shoals:2 | XOM: summons 10 friendly demons
 28834 | Shoals:2 | Killed a kraken
 29121 | Shoals:2 | XOM: swap monsters
 29140 | Shoals:2 | XOM: give mutations
 29140 | Shoals:2 | Lost mutation: You have very sharp teeth. [Xom's mischief]
 29140 | Shoals:2 | Lost mutation: You possess an exceptional clarity of mind.
                  | [Xom's mischief]
 29140 | Shoals:2 | Gained mutation: Your body sometimes deteriorates upon
                  | taking damage. [Xom's mischief]
 29184 | Shoals:2 | XOM: confusion (+ monsters)
 29321 | Shoals:3 | XOM: potion effect (attraction)
 29325 | Shoals:3 | Reached XP level 19. HP: 167/168 MP: 34/34
 29371 | Shoals:3 | Noticed Louise
 29380 | Shoals:3 | XOM: potion effect (curing)
 29397 | Shoals:3 | Killed Louise
 29397 | Shoals:3 | XOM: divination: magic mapping
 29473 | Shoals:3 | XOM: noise
 30408 | Shoals:4 | Entered Level 4 of the Shoals
 30417 | Shoals:4 | Reached skill level 15 in Fighting
 30417 | Shoals:4 | Noticed Nikola
 30419 | Shoals:4 | XOM: silly message
 30611 | Shoals:4 | Killed Nikola
 30626 | Shoals:4 | XOM: summons friendly white imp
 31003 | Shoals:4 | XOM: polymorph merfolk -> boggart
 31062 | Shoals:4 | XOM: fog
 31066 | Shoals:4 | Identified the blade talisman of Emymipue {rF+++ Str-3
                  | Slay+3 Stlth+}
 31072 | Shoals:4 | Reached skill level 17 in Armour
 31077 | Shoals:4 | XOM: potion effect (invisibility)
 31133 | Shoals:4 | XOM: enchant monster (good)
 31144 | Shoals:4 | XOM: divine lightning
 31154 | Shoals:4 | Upgraded the game from 0.32-a0-938-g40ac7a0f4d to
                  | 0.32-a0-960-g3814254bd7
 31169 | Shoals:4 | XOM: noise
 31325 | Shoals:4 | XOM: smoke on damage
 31560 | Shoals:4 | Identified the ring of Lyirucua {rN++ AC+4}
 31564 | Shoals:4 | Identified the +6 hand axe of a treasure trove {drain,
                  | Str+4}
 31585 | Shoals:4 | Got a barnacled rune of Zot
 32082 | D:14     | XOM: summons 4 hostile shadow creatures
 32221 | Vaults:1 | Entered Level 1 of the Vaults
 32337 | Vaults:1 | Found a flickering gateway to a bazaar.
 32342 | Bazaar   | Entered a bazaar
 32342 | Bazaar   | Found Ozah's Antique Armour Boutique.
 32342 | Bazaar   | Found Vyrri's Antique Weapon Boutique.
 32374 | Bazaar   | Found Pitis's Distillery.
 32385 | Bazaar   | Found Ifeecwa's General Store.
 32393 | Bazaar   | Found Aqereig's Jewellery Shop.
 32400 | Bazaar   | Bought the necklace of Bloodlust {Fury *Rage Will++ Int-3
                  | Slay+6} for 679 gold pieces
 32400 | Bazaar   | Found the necklace of Bloodlust {Fury *Rage Will++ Int-3
                  | Slay+6}
 32461 | Bazaar   | Bought a potion of curing for 30 gold pieces
 32461 | Bazaar   | Bought a scroll of fog for 40 gold pieces
 32461 | Bazaar   | Bought a wand of iceblast (1) for 24 gold pieces
 32472 | Bazaar   | Bought a potion of curing for 33 gold pieces
 32472 | Bazaar   | Bought a potion of curing for 33 gold pieces
 32472 | Bazaar   | Bought a potion of resistance for 110 gold pieces
 32472 | Bazaar   | Bought a potion of heal wounds for 55 gold pieces
 32472 | Bazaar   | Bought a potion of cancellation for 88 gold pieces
 32472 | Bazaar   | Bought a potion of might for 44 gold pieces
 32708 | Vaults:1 | XOM: enchant monster (bad)
 32759 | Vaults:1 | XOM: noise
 32771 | Vaults:1 | HP: 7/170 [ironbound frostheart (13)]
 32860 | Vaults:1 | XOM: cloud trail
 33099 | Vaults:1 | XOM: potion effect (curing)
 33243 | Vaults:1 | XOM: potion effect (brilliance)
 33245 | Vaults:1 | XOM: silly message
 33246 | Vaults:1 | XOM: summons friendly white imp
 33260 | Vaults:1 | Reached XP level 20. HP: 130/179 MP: 36/36
 33629 | Vaults:1 | XOM: noise
 33642 | Vaults:1 | XOM: enchant monster (bad)
 33643 | Vaults:1 | XOM: divination: detect items
 33897 | Vaults:1 | XOM: noise
 33940 | Vaults:2 | XOM: chaos cloud
 34173 | Vaults:2 | XOM: stat loss: -1 Dex (11/12)
 34198 | Vaults:2 | XOM: polymorph vault warden -> azure jelly
 34206 | Vaults:2 | XOM: chaos upgrade
 34240 | Vaults:2 | XOM: chaos upgrade
 34254 | Vaults:2 | XOM: chaos cloud
 34267 | Vaults:2 | XOM: summons 3 hostile demons
 34278 | Vaults:2 | XOM: chaos cloud
 34280 | Vaults:2 | XOM: blink monster(s)
 34283 | Vaults:2 | Reached skill level 15 in Dodging
 34287 | Vaults:2 | XOM: cleaving
 34301 | Vaults:2 | XOM: silly message
 34529 | Vaults:2 | XOM: give mutations
 34529 | Vaults:2 | Gained mutation: Your flesh is heat resistant. (rF+) [Xom's
                  | mischief]
 34529 | Vaults:2 | Lost mutation: Your flesh is heat resistant. (rF+) [Xom's
                  | mischief]
 34529 | Vaults:2 | Gained mutation: Your body often deteriorates upon taking
                  | damage. [Xom's mischief]
 34529 | Vaults:2 | Lost mutation: You are robust. (+10% HP) [Xom's mischief]
 34682 | Vaults:2 | XOM: fog
 34836 | Vaults:2 | XOM: summons friendly iron imp
 34848 | Vaults:2 | XOM: potion effect (might)
 34898 | Vaults:2 | Found a staircase to the Crypt.
 34978 | Vaults:2 | XOM: cleaving
 34989 | Vaults:2 | XOM: fog
 34993 | Vaults:2 | XOM: cast spell 'Summon Cactus Giant'
 35295 | Vaults:2 | Reached skill level 10 in Evocations
 35574 | Vaults:3 | XOM: cast spell 'Summon Cactus Giant'
 35758 | Vaults:3 | Noticed Mennas
 35771 | Vaults:3 | Killed Mennas
 35957 | Vaults:3 | XOM: god gift: potion of degeneration
 35961 | Vaults:3 | Reached XP level 21. HP: 166/171 MP: 39/39
 35962 | Vaults:3 | Reached skill level 18 in Armour
 35980 | Vaults:3 | XOM: confuse monster(s)
 36011 | Vaults:3 | Noticed Margery
 36014 | Vaults:3 | Noticed Sojobo
 36018 | Vaults:3 | XOM: cast spell 'Death Channel'
 36025 | Vaults:3 | Killed Margery
 36026 | Vaults:3 | XOM: fake destruction
 36039 | Vaults:3 | Killed Sojobo
 36179 | Vaults:3 | Found Cocor's Jewellery Shop.
 36188 | Vaults:3 | Learned a level 2 spell: Lesser Beckoning
 36221 | Vaults:3 | Noticed Donald
 36230 | Vaults:3 | Killed Donald
 36363 | Vaults:3 | XOM: enchant monster (bad)
 36365 | Vaults:3 | Killed from afar by a hellephant

Illustrated notes

Levels and vault maps discovered:
D:1:      ncdulo_watergridlock, layout_rooms,
          shapermc_ecumenical_altar_flowoftime
D:2:      layout_basic, basic_altar
D:3:      layout_basic, jmf_multi_god_temple2, saegor_snake_ambush,
          uniq_grinder, uniq_terence, uniq_crazy_yiuf_cottage
D:4:      layout_rooms, nicolae_overflow_crystal_walls, marbit_many_paths,
          mainiacjoe_overflow_paths, chequers_serial_rivers_large_b,
          minmay_misc_feat_tower, uniq_ijyb, uniq_sigmund
D:5:      layout_cave_pools, lemuel_mausoleum_altar_kikubaaqudgha,
          minmay_temple_entry_waves, uniq_blork_the_orc, uniq_duvessa,
          uniq_eustachio
D:6:      nicolae_whirlpool, layout_loops_ring, grunt_temple_overflow_open,
          cheibrodos_sewer_entry_sluice, minmay_quadrilaterals
D:7:      layout_loops_corners, mainiacjoe_overflow_chevrons, nrook_campfire,
          minmay_manual_mail, uniq_jeremiah
D:8:      layout_loops_ring, nicolae_hepliaklqana_hippocampus,
          kennysheep_generic_room_10
D:9:      layout_loops_cross, general_overflow_altar, elyvilon_altar_3,
          nemelex_spade_bored_becter, david_orc_2, minivault_19
D:10:     layout_loops_ring, bloody_trog, mainiacjoe_overflow_boulevard,
          lair_entry_dummy, gammafunk_ghost_ooze, serial_shops,
          nicolae_shop_pleasant_corner_grove, ebering_dispersal_statue_hall,
          serial_library_hellmonk_h_bend, roderic_st_hans_cross
D:11:     layout_cave_pools
D:12:     layout_loops_ring
D:13:     layout_rooms
D:14:     layout_loops_cross, lightli_vaults_fourway_checkpoint,
          nicolae_two_hexagons, serial_shops, shop,
          chequers_serial_rivers_large_a, minivault_21,
          nicolae_shop_dragon_depot, nicolae_shop_self_help, uniq_lodul
D:15:     grunt_enter_depths_giant_problem, layout_irregular_city, serial_shops,
          shop, nicolae_trove_entry_columns, dreamdust_princess_bridge
Lair:1:   layout_cave_pods, grunt_megastairs_1
Lair:2:   gammafunk_worm_tunnel, layout_cave_pods, minmay_shoals_entry_hut,
          gammafunk_ghost_abyssal_escape, basic_altar,
          cheibrodos_lair_caveside_slide
Lair:3:   layout_regular_city, nicolae_spider_entry_lesser_pyramids,
          portal_ice_cave_entry_ice_simulacra, lemuel_fruit_tree,
          grunt_megastairs_4, uniq_gastronok, uniq_sonja
Lair:4:   layout_regular_city, slime_entry_1, serial_forest,
          infiniplex_forest_straight_2, infiniplex_forest_lined_3,
          infiniplex_forest_fountain, infiniplex_forest_straight_3,
          infiniplex_forest_clump_small, infiniplex_forest_end_2
Lair:5:   cheibrodos_lair_end_hotspot, layout_layer_cave
Shoals:1: layout_shoals, nicolae_shoals_drake_roost
Shoals:2: layout_shoals, lightli_airlock, uniq_polyphemus, uniq_roxanne
Shoals:3: layout_shoals, uniq_louise
Shoals:4: shoals_end_hellmonk_lost_city, uniq_nikola
Spider:1: layout_spider_delve
Spider:2: layout_spider_delve, worms_lemuel
Spider:3: layout_spider_delve, nicolae_spider_not_touching_you
Spider:4: guppyfry_spider_rune, uniq_agnes
Orc:1:    layout_caves, nicolae_orc_found_a_spring, uniq_erica
Orc:2:    st_orc_pillars, layout_caves, serial_shops,
          nicolae_shop_back_alley_shop, gammafunk_ghost_grave,
          nicolae_orc_sculptors_studio, hangedman_minor_magic, uniq_urug
Vaults:1: nicolae_vaults_heart-shaped_vault, v_pattern_2, grunt_vaults_bifocal,
          nicolae_vaults_trapezoid_layered, v_misc_19,
          nicolae_vaults_stepped_doors, v_misc_14, nicolae_vaults_trapezoid_1,
          nicolae_vaults_sesquioval_fish, vaults_dpeg_encased_lava,
          nicolae_vaults_trapezoid_1, hangedman_vaults_slice,
          layout_vaults_chaotic_city, serial_shops, bzr_entry_road
Vaults:2: nicolae_vaults_inception_scallops, minmay_crypt_entry_simple_walls,
          nicolae_vaults_cornered_office, nicolae_vaults_specimen_jars,
          nicolae_vaults_network_square, vaults_room_door_ring,
          nicolae_vaults_arrows, vaults_room_ringed_pool,
          vaults_room_semicircle, nicolae_vaults_storage_closets_2,
          hangedman_vaults_stretched_pinwheel, nicolae_vaults_mini_display_case,
          layout_vaults_omnicross
Vaults:3: nicolae_vaults_doubleplus_tesselated, v_alt_pattern_6,
          hangedman_vaults_nodes, nicolae_vaults_steering_wheel,
          nicolae_vaults_trapezoid_3, nicolae_vaults_taking_the_gang_shopping,
          hangedman_vaults_impose, v_misc_24, nicolae_vaults_storage_closets_1,
          nicolae_vaults_oozy_zoo, ontoclasm_vaults_claustrophobia,
          nicolae_vaults_little_squares_2, nicolae_vaults_diamond_2,
          vaults_room_stairs_pillars, nicolae_vaults_tetromino_T_2,
          layout_vaults_ring, serial_shops, shop, uniq_mennas, uniq_margery,
          uniq_bai_suzhen, uniq_sojobo, uniq_donald

Skill      XL: |  1  2  3  4  5  6  7  8  9 10 11 12 13 14 15 16 17 18 19 20 21 |
---------------+----------------------------------------------------------------+-----
Dodging        | 1 2 3 4 5 6 7 8 9 10 12 13 14 15 | 15.4
Shields        | 1 2 3 5 6 7 8 9 11 12 13 | 13.3
Stealth        | 1 2 3 5 6 7 8 |  8.9
Axes           | 1 2 3 4 5 6 7 8 9 10 12 13 15 16 17 | 17.8
Armour         | 3 4 5 6 8 10 11 13 14 15 16 17 18 | 18.1
Fighting       | 4 5 6 7 8 9 10 11 12 13 14 15 16 | 16.4
Alchemy        | 2 4 |  4.5
Spellcasting   | 1 3 6 9 11 12 14 | 14.2
Evocations     | 3 5 6 8 9 10 | 10.6
Polearms       | |  3.0
Translocations | |  0.5
Air Magic      | |  0.2

Action                     |  1- 3 |  4- 6 |  7- 9 | 10-12 | 13-15 | 16-18 | 19-21 || total
---------------------------+-------+-------+-------+-------+-------+-------+-------++-------
  Melee: Spear             |    13 |       |       |       |       |       |       ||    13
         Hand axe          |    78 |    24 |       |       |    30 |       |       ||   132
         War axe           |       |    77 |   366 |   386 |   824 |       |       ||  1653
         Battleaxe         |       |       |       |       |   179 |   895 |   777 ||  1851
         Bite              |       |       |       |       |       |   143 |       ||   143
  Throw: Javelin           |       |       |       |     4 |       |       |       ||     4
         Dart              |       |       |       |     5 |       |       |       ||     5
Ability: Shaft Self        |       |       |     3 |       |     1 |       |       ||     4
         Dig               |       |       |     1 |     1 |     2 |     1 |     1 ||     6
  Evoke: Wand              |       |       |       |     6 |     1 |     5 |       ||    12
         Gell's gravitambo |       |       |       |       |       |       |     2 ||     2
    Use: Scroll            |       |     1 |    11 |     4 |     2 |    20 |     9 ||    47
         Potion            |       |       |     2 |     2 |     6 |     1 |    15 ||    26
   Stab: Sleeping          |     1 |     4 |    13 |     5 |       |    17 |     4 ||    44
         Invisible         |       |       |     1 |     3 |       |       |    10 ||    14
         Distracted        |       |       |       |     1 |       |     5 |     4 ||    10
         Paralysed         |       |       |       |     2 |     3 |       |       ||     5
         Confused          |       |       |       |       |     6 |     4 |     6 ||    16
         Petrifying        |       |       |       |       |       |       |     1 ||     1
 Armour: Leather armour    |    38 |    53 |   301 |    48 |       |       |       ||   440
         Plate armour      |       |       |       |   181 |   738 |     6 |       ||   925
         Pearl dragon scal |       |       |       |       |       |   624 |   606 ||  1230
  Dodge: Dodged            |    64 |    63 |   280 |   321 |   636 |   919 |   671 ||  2954
  Block: Buckler           |    13 |    21 |   124 |   152 |   376 |   451 |   323 ||  1460
         Kite shield       |       |       |       |       |       |       |    24 ||    24

Table legend: (Time is in decaauts)
 A = Elapsed time spent in this place.
 B = Non-inter-level travel time spent in this place.
 C = Inter-level travel time spent in this place.
 D = Time resting spent in this place.
 E = Time spent auto-exploring this place.
 F = Levels seen in this place.
 G = Mean time per level.
                   A        B        C        D        E       F      G
               +--------+--------+--------+--------+--------+-----+--------+
         Total |  36656 |  34828 |   1828 |   4630 |  21139 |  36 | 1018.2 |
       Dungeon |  13570 |  12772 |    798 |   1733 |   7826 |  15 |  904.7 |
          Lair |   6580 |   6032 |    548 |    609 |   4099 |   5 | 1316.0 |
        Shoals |   5081 |   4892 |    189 |   1001 |   2650 |   4 | 1270.2 |
   Spider Nest |   3759 |   3601 |    158 |    325 |   2212 |   4 |  939.8 |
  Orcish Mines |   2420 |   2337 |     83 |    351 |   1112 |   2 | 1210.0 |
        Vaults |   3928 |   3878 |     50 |    202 |   2848 |   3 | 1309.3 |
        Bazaar |    150 |    150 |      0 |      0 |     82 |   1 |  150.0 |
         Sewer |    371 |    371 |      0 |     48 |    178 |   1 |  371.0 |
      Ice Cave |    793 |    793 |      0 |    360 |    132 |   1 |  793.0 |
               +--------+--------+--------+--------+--------+-----+--------+

Top non-repeatable levels by time:
  Lair:5: 2438 daAuts
     D:7: 1665 daAuts
Shoals:3: 1618 daAuts
Vaults:2: 1607 daAuts
Spider:4: 1563 daAuts
   Orc:2: 1555 daAuts
Vaults:1: 1543 daAuts
Shoals:2: 1364 daAuts
    D:14: 1212 daAuts
  Lair:2: 1165 daAuts
    D:15: 1159 daAuts
    D:10: 1153 daAuts
  Lair:1: 1123 daAuts
     D:6: 1116 daAuts
     D:5: 1073 daAuts
